 Dungeon Crawl Stone Soup version 0.27.0-1-g7a089689b8 (webtiles) character file.

Game seed: 11313460363125196650

0 ABBCCCDDDD the Grave Robber (level 1, -2/10 HPs)
             Began as a Gargoyle Necromancer on Aug 4, 2021.
             Frozen to death by an endoplasm (4 damage)
             ... on level 2 of the Dungeon.
             The game lasted 00:01:01 (117 turns).

ABBCCCDDDD the Grave Robber (Gargoyle Necromancer)   Turns: 117, Time: 00:01:02

Health: -2/10      AC:  4    Str: 11    XL:     1   Next: 10%
Magic:  3/3        EV: 11    Int: 15    God:
Gold:   7          SH:  0    Dex: 10    Spells: 3/4 levels left

rFire    . . .     SeeInvis .   b - +0 dagger
rCold    . . .     Faith    .   (no shield)
rNeg     + . .     Spirit   .   a - +0 robe
rPois    ∞         Reflect  .   (no helmet)
rElec    +         Harm     .   (no cloak)
rCorr    .         Rampage  .   (no gloves)
Will     .....                  (no boots)
Stlth    ++........             (no amulet)
HPRegen  0.03/turn              (no ring)
MPRegen  0.08/turn              (no ring)

@: no status effects
A: sickness immunity, AC +2, negative energy resistance 1, electricity
resistance, torment resistance 1, petrification resistance
a: no special abilities


You were on level 2 of the Dungeon.
You visited 1 branch of the dungeon, and saw 2 of its levels.

You collected 7 gold pieces.

Inventory:

Hand Weapons
 b - a +0 dagger (weapon)
Armour
 a - a +0 robe (worn)


   Skills:
 + Level 0.1 Fighting
 - Level 1.5 Dodging
 + Level 2.2 Stealth
 - Level 2.0 Spellcasting
 - Level 3.2 Necromancy


You had 3 spell levels left.
You knew the following spells:

 Your Spells              Type           Power      Damage    Failure   Level
a - Pain                  Necr           44%        1d6       6%          1

Your spell library contained the following spells:

 Spells                   Type           Power      Damage    Failure   Level
 Animate Skeleton         Necr           22%        N/A       6%          1
 Vampiric Draining        Necr           5%         2d6       17%         3
 Animate Dead             Necr           5%         N/A       50%         4
 Agony                    Necr           11%        N/A       85%         5


Dungeon Overview and Level Annotations

Branches:
Dungeon (1/15)

Altars:


Innate Abilities, Weirdness & Mutations

You are immune to sickness and miasma.
Your stone body is resilient. (AC +2)
You are immune to poison.
You resist negative energy. (rN+)
You are resistant to electric shocks. (rElec)
You are resistant to unholy torment.
You are immune to petrification.


Message History

You see here a +0 dagger.
b - a +0 dagger
b - a +0 dagger (weapon)
You hit the endoplasm.
The endoplasm is moderately wounded.
The endoplasm hits you.
You hit the endoplasm but do no damage.
The endoplasm is moderately wounded.
The endoplasm freezes you.
You are frozen.
You hit the endoplasm but do no damage.
The endoplasm is moderately wounded.
The endoplasm freezes you.
You are frozen.
Ouch! That really hurt!
* * * LOW HITPOINT WARNING * * *
Found a spear.
A rat comes into view.
Found a stone staircase leading down.
An endoplasm is nearby!
A rat comes into view.
You aren't carrying any items that you can evoke.
Unknown command.
Unknown command.
Casting: Pain (safe; 6% risk of failure)
Confirm with . or Enter, or press ? or * to list all spells.
Aiming: Pain (safe; 6% risk of failure)
Press: ? - help, Shift-Dir - straight line, f - rat
Aim: a rat (chance to affect: 80%)
The rat writhes in agony.
You kill the rat!
A rat comes into view.
A rat and a quokka come into view.
The endoplasm jiggles.
The helpless rat fails to defend itself.
You puncture the rat!
You kill the rat!
The endoplasm freezes you.
You are frozen.
You die...

#...##.# #.#
#...#.#. #.# .... #
# # #.# ## ##. #.#
#.. #.# #.# #..#.#
.r.####.######..#.#
.....r..J....#..#.#
..####@####.#..#.#
#.# #.##.#.# #.#
#.##.#.#
#.####.##.#.#
.............#
##.........###
######.##.# #.##.#
#.....


You could see an endoplasm, a quokka (asleep) and a rat.

Vanquished Creatures
  2 rats (D:2)
2 creatures vanquished.

Notes
Turn   | Place    | Note
-------+----------+-------------------------------------------
     0 | D:1      | ABBCCCDDDD the Gargoyle Necromancer began the quest for the
                  | Orb.
     0 | D:1      | Reached XP level 1. HP: 10/10 MP: 3/3
     3 | D:1      | You fall into a shaft and drop 1 floor!
   117 | D:2      | Frozen to death by an endoplasm

Illustrated notes

Levels and vault maps discovered:
D:1:      dpeg_arrival_erosion, layout_basic, serial_bayou_pond_e
D:2:      layout_loops_ring, hellmonk_ecumenical_altar_run_dry, minmay_unequal

Action                   || total
-------------------------++-------
Melee: Dagger            ||     4
 Cast: Pain              ||     1
 Stab: Sleeping          ||     1
